MAA
SALEM MISFITS @ VILLA RIDGE BRONCHOS
08/19/2017
 
TOP OF THE 1ST
Salem Misfits batting - Pitching for Villa Ridge Bronchos : RHP Jim Unknown
Pitching: RHP Jim Unknown
Batting: RHB Ignacio García 0-0: Ball
1-0: Called Strike
1-1: Ball
2-1: Fly out, F7 (Line Drive, 7M)
Batting: RHB Jim Unknown 0-0: Foul Ball, location: 2F
0-1: Ground out 6-3 (Groundball, 6M)
Batting: RHB Jim Unknown 0-0: Foul Ball, location: 2F
0-1: Foul Ball, location: 2F
0-2: Ball
1-2: Ball
2-2: Strikes out swinging
Top of the 1st over - 0 run(s), 0 hit(s), 0 error(s), 0 left on base; Salem 0 - Villa Ridge 0
BOTTOM OF THE 1ST
Villa Ridge Bronchos batting - Pitching for Salem Misfits : RHP Billy Bruce
Pitching: RHP Billy Bruce
Batting: RHB Alex Ross 0-0: Ball
1-0: Ball
2-0: Called Strike
2-1: Foul Ball, location: 2F
2-2: Foul Ball, location: 2F
2-2: Strikes out swinging
Batting: RHB Jorge Vázquez 0-0: Called Strike
0-1: Ball
1-1: Ball
2-1: Ball
3-1: Base on Balls
Batting: LHB Ray Schneider 0-0: Called Strike
0-1: Ball
1-1: Ball
2-1: Called Strike
2-2: Ball
3-2: Fly out, F9 (Flyball, 89M)
Batting: RHB Arlen King 0-0: Ball
1-0: Ball
2-0: Foul Ball, location: 2F
2-1: Foul Ball, location: 2F
2-2: Strikes out swinging
Bottom of the 1st over - 0 run(s), 0 hit(s), 0 error(s), 1 left on base; Salem 0 - Villa Ridge 0
TOP OF THE 2ND
Salem Misfits batting - Pitching for Villa Ridge Bronchos : RHP Jim Unknown
Batting: SHB Jim Unknown 0-0: Called Strike
0-1: Foul Ball, location: 2F
0-2: Ball
1-2: Ball
2-2: Strikes out looking
Batting: RHB Jim Unknown 0-0: Called Strike
0-1: Ground out 4-3 (Groundball, 4)
Batting: LHB Jim Unknown 0-0: Foul Ball, location: 2F
0-1: Ball
1-1: Swinging Strike
1-2: Strikes out looking
Top of the 2nd over - 0 run(s), 0 hit(s), 0 error(s), 0 left on base; Salem 0 - Villa Ridge 0
BOTTOM OF THE 2ND
Villa Ridge Bronchos batting - Pitching for Salem Misfits : RHP Billy Bruce
Batting: RHB Salvador Martínez 0-0: Ball
1-0: Ball
2-0: Swinging Strike
2-1: Foul Ball, location: 2F
2-2: Fly out, F4 (Popup, 13)
Batting: SHB Rodriguo Catita 0-0: Ball
1-0: Called Strike
1-1: Ball
2-1: Called Strike
2-2: Ball
3-2: SINGLE (Groundball, 34S)
Batting: SHB Dan Hunt 0-0: Ball
1-0: Ball
2-0: Swinging Strike
2-1: SINGLE (Line Drive, 34)
Rodriguo Catita to second
Batting: RHB Joey Jones 0-0: Foul Ball, location: 2F
0-1: Foul Ball, location: 2F
0-2: Ball
1-2: Foul Ball, location: 2F
1-2: Fly out, F8 (Flyball, 8LD)
Runner from 2nd tags up, SAFE at 3rd, no throw
Batting: RHB Manuel Miranda 0-0: Foul Ball, location: 2F
0-1: Swinging Strike
0-2: Ball
1-2: Foul Ball, location: 2F
1-2: Foul Ball, location: 2F
1-2: Ball
2-2: Fly out, F4 (Popup, 4)
Bottom of the 2nd over - 0 run(s), 2 hit(s), 0 error(s), 2 left on base; Salem 0 - Villa Ridge 0
TOP OF THE 3RD
Salem Misfits batting - Pitching for Villa Ridge Bronchos : RHP Jim Unknown
Batting: RHB Jim Unknown 0-0: Foul Ball, location: 2F
0-1: Swinging Strike
0-2: Ball
1-2: Ball
2-2: Foul Ball, location: 2F
2-2: Ground out 5-3 (Groundball, 56)
Batting: SHB Jim Unknown 0-0: Called Strike
0-1: Foul Ball, location: 2F
0-2: Ball
1-2: Strikes out swinging
Batting: RHB Jim Unknown 0-0: Ball
1-0: Ball
2-0: Called Strike
2-1: Ball
3-1: Called Strike
3-2: Ground out 6-3 (Groundball, 6M)
Top of the 3rd over - 0 run(s), 0 hit(s), 0 error(s), 0 left on base; Salem 0 - Villa Ridge 0
BOTTOM OF THE 3RD
Villa Ridge Bronchos batting - Pitching for Salem Misfits : RHP Billy Bruce
Batting: RHB Alex Ross 0-0: Swinging Strike
0-1: Swinging Strike
0-2: Ball
1-2: Fly out, F7 (Popup, 78S)
Batting: RHB Jorge Vázquez 0-0: Called Strike
0-1: Ball
1-1: Swinging Strike
1-2: Ball
2-2: Ball
3-2: Fly out, F9 (Flyball, 89M)
Batting: LHB Ray Schneider 0-0: Ball
1-0: SINGLE (Line Drive, 5D)
Batting: RHB Arlen King 0-0: Ball
1-0: Ball
2-0: Fly out, F4 (Line Drive, 4)
Bottom of the 3rd over - 0 run(s), 1 hit(s), 0 error(s), 1 left on base; Salem 0 - Villa Ridge 0
TOP OF THE 4TH
Salem Misfits batting - Pitching for Villa Ridge Bronchos : RHP Jim Unknown
Batting: RHB Ignacio García 0-0: SINGLE (Groundball, 56D)
Batting: RHB Jim Unknown 0-0: Fly out, F9 (Flyball, 9M)
Batting: RHB Jim Unknown 0-0: Called Strike
0-1: Called Strike
0-2: Strikes out swinging
Ignacio García steals 2nd base
Batter strikes out.
Batting: SHB Jim Unknown 0-0: Ball
1-0: Foul Ball, location: 2F
1-1: Ball
2-1: Ground out 4-3 (Groundball, 4)
Top of the 4th over - 0 run(s), 1 hit(s), 0 error(s), 1 left on base; Salem 0 - Villa Ridge 0
BOTTOM OF THE 4TH
Villa Ridge Bronchos batting - Pitching for Salem Misfits : RHP Billy Bruce
Batting: RHB Salvador Martínez 0-0: Ball
1-0: Ball
2-0: Called Strike
2-1: Ball
3-1: Swinging Strike
3-2: Foul Ball, location: 2F
3-2: TRIPLE (Flyball, 9LS)
Batting: SHB Rodriguo Catita 0-0: Called Strike
0-1: Ball
1-1: Foul Ball, location: 2F
1-2: Ball
2-2: Foul Ball, location: 2F
2-2: Ground out 2-3 (Groundball, 2R)
Batting: SHB Dan Hunt 0-0: Ball
1-0: Ball
2-0: Ball
3-0: Base on Balls
Batting: RHB Joey Jones 0-0: 3-RUN HOME RUN (Flyball, 78D), Distance : 420 ft
Batting: RHB Manuel Miranda 0-0: Ball
1-0: Ball
2-0: Called Strike
2-1: Ball
3-1: Base on Balls
Batting: RHB Alex Ross 0-0: Called Strike
0-1: Swinging Strike
0-2: Ball
1-2: Hit by Pitch
Manuel Miranda to second
Batting: RHB Jorge Vázquez 0-0: Foul Ball, location: 2F
0-1: Ball
1-1: Ball
2-1: SINGLE (Line Drive, 56D)
Manuel Miranda to third
Alex Ross to second
Pitching: LHP Miguel Angel Gómez
Batting: LHB Ray Schneider 0-0: Ball
1-0: Called Strike
1-1: Ball
2-1: Ball
3-1: Fly out, F4 (Popup, 3DF)
Batting: RHB Arlen King 0-0: Ball
1-0: Ball
2-0: Called Strike
2-1: Foul Ball, location: 2F
2-2: Strikes out looking
Bottom of the 4th over - 3 run(s), 3 hit(s), 0 error(s), 3 left on base; Salem 0 - Villa Ridge 3
TOP OF THE 5TH
Salem Misfits batting - Pitching for Villa Ridge Bronchos : RHP Jim Unknown
Batting: RHB Jim Unknown 0-0: Called Strike
0-1: Fly out, F6 (Popup, 6M)
Batting: LHB Jim Unknown 0-0: Called Strike
0-1: Ground out 3-1 (Groundball, 34)
Batting: RHB Jim Unknown 0-0: Ball
1-0: Swinging Strike
1-1: Foul Ball, location: 2F
1-2: Foul Ball, location: 2F
1-2: Foul Ball, location: 2F
1-2: Fly out, F9 (Flyball, 89D)
Top of the 5th over - 0 run(s), 0 hit(s), 0 error(s), 0 left on base; Salem 0 - Villa Ridge 3
BOTTOM OF THE 5TH
Villa Ridge Bronchos batting - Pitching for Salem Misfits : LHP Miguel Angel Gómez
Batting: RHB Salvador Martínez 0-0: Swinging Strike
0-1: Foul Ball, location: 2F
0-2: Ball
1-2: Fly out, F6 (Line Drive, 6)
Batting: SHB Rodriguo Catita 0-0: Ball
1-0: Swinging Strike
1-1: Ball
2-1: SOLO HOME RUN (Flyball, 7D), Distance : 378 ft
Batting: SHB Dan Hunt 0-0: Reached on error, E5 (Groundball, 56)
Batting: RHB Joey Jones 0-0: Swinging Strike
0-1: Swinging Strike
0-2: Ball
1-2: Strikes out swinging
Batting: RHB Manuel Miranda 0-0: Foul Ball, location: 2F
0-1: Fly out, F8 (Flyball, 8RS)
Bottom of the 5th over - 1 run(s), 1 hit(s), 1 error(s), 1 left on base; Salem 0 - Villa Ridge 4
TOP OF THE 6TH
Salem Misfits batting - Pitching for Villa Ridge Bronchos : RHP Jim Unknown
Batting: SHB Jim Unknown 0-0: Ball
1-0: Ball
2-0: Swinging Strike
2-1: Ball
3-1: Base on Balls
Batting: RHB Jim Unknown 0-0: Ball
1-0: SINGLE (Line Drive, 9S)
Jim Unknown to second
Batting: RHB Ignacio García 0-0: Called Strike
0-1: Foul Ball, location: 2F
0-2: Foul Ball, location: 2F
0-2: Ball
1-2: Strikes out swinging
Batting: RHB Jim Unknown 0-0: Ball
1-0: Ball
2-0: Ball
Wild Pitch!
Jim Unknown to third
Jim Unknown to second
3-0: Called Strike
3-1: Foul Ball, location: 2F
3-2: Fly out, F4 (Popup, 4D)
Batting: RHB Jim Unknown 0-0: Called Strike
0-1: Foul Ball, location: 2F
0-2: Foul Ball, location: 2F
0-2: Strikes out looking
Top of the 6th over - 0 run(s), 1 hit(s), 0 error(s), 2 left on base; Salem 0 - Villa Ridge 4
BOTTOM OF THE 6TH
Villa Ridge Bronchos batting - Pitching for Salem Misfits : LHP Miguel Angel Gómez
Batting: RHB Alex Ross 0-0: Ball
1-0: SINGLE (Line Drive, 78S)
Batting: RHB Jorge Vázquez 0-0: Ball
1-0: Foul Ball, location: 2F
1-1: Called Strike
Alex Ross steals 2nd base
1-2: Ball
2-2: Foul Ball, location: 2F
2-2: SINGLE (Line Drive, 8RS)
Alex Ross to third
Batting: LHB Ray Schneider 0-0: Ball
1-0: Swinging Strike
1-1: Called Strike
1-2: Ball
2-2: Ball
3-2: Base on Balls
Jorge Vázquez to second
Batting: RHB Arlen King 0-0: Fielders Choice at 2nd, 6-4 (Groundball, 6)
Alex Ross scores
Jorge Vázquez to third
Pitching: RHP Alfredo García
Batting: RHB Salvador Martínez 0-0: Reached on error, E2 (Groundball, 2R)
Jorge Vázquez scores
Arlen King to third
Batting: SHB Rodriguo Catita 0-0: Called Strike
0-1: Swinging Strike
0-2: Ball
1-2: Fly out, F7 (Line Drive, 7M)
Runner from 3rd tags up, SCORES, throw made
Batting: SHB Dan Hunt 0-0: Swinging Strike
0-1: Swinging Strike
0-2: Ball
1-2: Strikes out looking
Bottom of the 6th over - 3 run(s), 2 hit(s), 1 error(s), 1 left on base; Salem 0 - Villa Ridge 7
TOP OF THE 7TH
Salem Misfits batting - Pitching for Villa Ridge Bronchos : RHP Jim Unknown
Now in CF: Aaron Barnes
Batting: SHB Jim Unknown 0-0: Ball
1-0: Called Strike
1-1: Ball
2-1: Foul Ball, location: 2F
2-2: Fly out, F9 (Line Drive, 9S)
Batting: RHB Jim Unknown 0-0: Called Strike
0-1: Called Strike
0-2: Ball
1-2: Foul Ball, location: 2F
1-2: Strikes out swinging
Batting: LHB Jim Unknown 0-0: Ball
1-0: Ground out 4-3 (Groundball, 4)
Top of the 7th over - 0 run(s), 0 hit(s), 0 error(s), 0 left on base; Salem 0 - Villa Ridge 7
BOTTOM OF THE 7TH
Villa Ridge Bronchos batting - Pitching for Salem Misfits : RHP Alfredo García
Batting: RHB Joey Jones 0-0: Ball
1-0: Fly out, F7 (Line Drive, 7S)
Batting: RHB Manuel Miranda 0-0: Ball
1-0: Called Strike
1-1: Ball
2-1: Called Strike
2-2: SINGLE (Groundball, 6MD)
Batting: RHB Alex Ross 0-0: Ball
1-0: SINGLE (Groundball, 56D) (infield hit)
Manuel Miranda to second
Batting: RHB Jorge Vázquez 0-0: Ball
1-0: Ball
2-0: Called Strike
2-1: Foul Ball, location: 2F
2-2: Foul Ball, location: 2F
2-2: Fly out, F9 (Flyball, 9S)
Batting: RHB Aaron Barnes 0-0: Called Strike
0-1: Ball
1-1: SINGLE (Line Drive, 6D)
Manuel Miranda to third
Alex Ross to second
Batting: RHB Arlen King 0-0: Ball
1-0: Ball
2-0: Called Strike
2-1: Ground out 1-3 (Groundball, 13)
Bottom of the 7th over - 0 run(s), 3 hit(s), 0 error(s), 3 left on base; Salem 0 - Villa Ridge 7
TOP OF THE 8TH
Salem Misfits batting - Pitching for Villa Ridge Bronchos : RHP Jim Unknown
Batting: RHB Jim Unknown 0-0: Ball
1-0: SOLO HOME RUN (Flyball, 7LD), Distance : 353 ft
Batting: SHB Jim Unknown 0-0: Ball
1-0: Ball
2-0: Foul Ball, location: 2F
2-1: Swinging Strike
2-2: Fly out, F8 (Flyball, 8RXD)
Batting: RHB Jim Unknown 0-0: Ball
1-0: Ball
2-0: Foul Ball, location: 2F
2-1: Ball
3-1: Foul Ball, location: 2F
3-2: Strikes out swinging
Batting: RHB Ignacio García 0-0: Called Strike
0-1: Ball
1-1: Foul Ball, location: 2F
1-2: Ground out 6-3 (Groundball, 6M)
Top of the 8th over - 1 run(s), 1 hit(s), 0 error(s), 0 left on base; Salem 1 - Villa Ridge 7
BOTTOM OF THE 8TH
Villa Ridge Bronchos batting - Pitching for Salem Misfits : RHP Alfredo García
Batting: RHB Salvador Martínez 0-0: SINGLE (Groundball, 4M)
Batting: SHB Rodriguo Catita 0-0: Ball
1-0: Ball
2-0: Grounds into double play, 6-4-3 (Groundball, 6M)
Batting: SHB Dan Hunt 0-0: Called Strike
0-1: Ball
1-1: Ball
2-1: Fly out, F8 (Flyball, 8RS)
Bottom of the 8th over - 0 run(s), 1 hit(s), 0 error(s), 0 left on base; Salem 1 - Villa Ridge 7
TOP OF THE 9TH
Salem Misfits batting - Pitching for Villa Ridge Bronchos : RHP Jim Unknown
Pitching: RHP Jim Unknown
Batting: RHB Jim Unknown 0-0: Called Strike
0-1: Called Strike
0-2: Strikes out looking
Batting: RHB Jim Unknown 0-0: Called Strike
0-1: Ground out 1-3 (Groundball, 15)
Batting: SHB Jim Unknown 0-0: Called Strike
0-1: Foul Ball, location: 2F
0-2: Ball
1-2: Ball
2-2: Strikes out swinging
Top of the 9th over - 0 run(s), 0 hit(s), 0 error(s), 0 left on base; Salem 1 - Villa Ridge 7
This league is powered by Out of the Park Baseball, the baseball management simulation game for PC, Mac and Linux
Saturday, February 27th, 2021 - OOTP Baseball 15.6 Build 34